 Dungeon Crawl Stone Soup version 0.31-a0-233-g139696dc86 (webtiles) character file.

Game seed: 16608505580209868454

196 qw the Shooter (level 5, -1/45 HPs)
             Began as a Minotaur Hexslinger on July 7, 2023.
             Slain by a river rat (4 damage)
             ... in a sewer.
             The game lasted 00:00:59 (2059 turns).

qw the Shooter (Minotaur Hexslinger)                Turns: 2059, Time: 00:01:00

Health: -1/45      AC:  7    Str: 12    XL:     5   Next: 46%
Magic:  5/5        EV: 11    Int: 10    God:
Gold:   128        SH:  0    Dex: 15    Spells: 5/6 levels left

rFire   . . .        Y - +1 sling
rCold   . . .        (no shield)
rNeg    . . .        d - +0 ring mail
rPois   .            (helmet restricted)
rElec   .            g - +0 cloak
rCorr   .            (no gloves)
SInv    .            e - +0 pair of boots
Will    .....        (no amulet)
Stlth   +            (no ring)
HPRegen 0.27/turn    (no ring)
MPRegen 0.09/turn

%: no passive effects
@: no status effects
A: horns 2, retaliatory headbutt
a: no special abilities


You were in a sewer.
You visited 1 branch of the dungeon, and saw 3 of its levels.
You also visited: Sewer.

You collected 128 gold pieces.


Innate Abilities, Weirdness & Mutations

You have a pair of horns on your head.
You reflexively headbutt those who attack you in melee.


   Skills:
 - Level 3.0 Fighting
 + Level 5.6 Ranged Weapons
 - Level 1.1 Armour
 - Level 2.1 Dodging
 - Level 1.0 Spellcasting
 - Level 2.0 Hexes


You had 5 spell levels left.
You knew the following spells:

 Your Spells              Type           Power      Damage    Failure   Level
a - Slow                  Hex            16%        N/A       34%         1

Your spell library contained the following spells:

 Spells                   Type           Power      Damage    Failure   Level
 Inner Flame              Hex/Fire       2%         N/A       83%         3
 Portal Projectile        Hex/Tloc       4%         N/A       83%         3
 Cause Fear               Hex            2%         N/A       98%         4

Inventory:

Hand Weapons
 Y - a +1 sling (weapon)
Armour
 d - a +0 ring mail (worn)
 e - a +0 pair of boots (worn)
 g - a +0 cloak (worn)
Scrolls
 a - a scroll of identify
 c - a scroll of summoning {unknown}
 h - a scroll of fear {unknown}
Potions
 b - 5 potions of enlightenment
 f - a potion of haste {unknown}

Dungeon Overview and Level Annotations

Branches:
Dungeon (3/15)              Sewer (1/1)

Altars:

Shops:
D:1 :


Message History

The river rat bites you! The river rat barely misses you.
You furiously retaliate!
You headbutt the river rat, but do no damage.
The river rat bites you! The river rat misses you.
The river rat barely misses you. The river rat bites you.
You shoot a sling bullet. The sling bullet hits the river rat.
The river rat is heavily wounded.
The river rat closely misses you. x2; The river rat bites you.
You shoot a sling bullet.
The sling bullet hits the river rat but does no damage.
The river rat is heavily wounded.
The river rat closely misses you. The river rat bites you.
The river rat barely misses you.
You shoot a sling bullet.
The sling bullet closely misses the river rat.
The river rat closely misses you. You furiously retaliate!
You headbutt the river rat. The river rat bites you.
The river rat bites you but does no damage.
You shoot a sling bullet. The sling bullet hits the river rat.
You kill the river rat!
The river rat barely misses you. You furiously retaliate!
You headbutt the river rat. The river rat closely misses you.
You furiously retaliate!
You headbutt the river rat! You shoot a sling bullet.
The sling bullet hits the river rat but does no damage.
The river rat is almost dead.
The river rat barely misses you. The river rat closely misses you.
The river rat misses you. The river rat closely misses you.
You shoot a sling bullet.
The sling bullet barely misses the river rat.
The river rat barely misses you.
The river rat bites you but does no damage.
You shoot a sling bullet.
The sling bullet barely misses the river rat.
The river rat bites you. The river rat closely misses you.
You shoot a sling bullet.
The sling bullet barely misses the river rat.
The river rat bites you but does no damage.
The river rat bites you.
You die...

~~~~~~~.~~.~~~~~.~~~~~~~~%%.~~~~~
~.~~~~~~~~~~~~~~~~~~~~~~~~~~~~~~~
~~~~%~w..~~~~~~ww.~.~~~~~.~~~~~.~
#~~~#######################~~~###
#~~~# ###### ###### #~~~# #.~~#
#!..!# #....# #~~~#
#~~~#####''#####%'##### #.~~#
#~~~~.~..............\# #~~.#
#.~~~~..........@r...\#
#~~~#####''#####r'##### #~~~#
#....# ....# #.~~# ###### ######
#~~~# #~~~~ #.~.~


You could see 2 river rats.

Vanquished Creatures
  4 gnolls (D:3)
  7 adders
  2 river rats
  2 worms
  10 ball pythons
  2 endoplasms (D:1)
  4 giant cockroaches
  5 hobgoblins
  6 jackals
  4 kobolds (D:1)
  3 quokkas
  6 bats
  2 frilled lizards (D:1)
  7 goblins
  7 rats
71 creatures vanquished.

Notes
Turn   | Place    | Note
-------+----------+-------------------------------------------
     0 | D:1      | qw the Minotaur Hexslinger began the quest for the Orb.
     0 | D:1      | Reached XP level 1. HP: 16/16 MP: 1/1
     0 | D:1      | 0 ||| qw: Version: 0.3-a-46-gb1f654a
     0 | D:1      | 0 ||| qw: Game counter: 3121
     0 | D:1      | 0 ||| qw: Melee chars always use a shield: true
     0 | D:1      | 0 ||| qw: God list: Okawaru
     0 | D:1      | 0 ||| qw: Allow faded altars: false
     0 | D:1      | 0 ||| qw: Do Orc after clearing Dungeon:15 true
     0 | D:1      | 0 ||| qw: Do second Lair branch before Depths: true
     0 | D:1      | 0 ||| qw: Lair rune preference: random
     0 | D:1      | 0 ||| qw: Goals: Normal
     0 | D:1      | 0 ||| PLANNING D:1-11
    82 | D:1      | Reached skill level 3 in Ranged Weapons
    96 | D:1      | Reached XP level 2. HP: 23/23 MP: 2/2
   317 | D:1      | Found Lodos's Book Shoppe.
   851 | D:1      | 851 ||| UPGRADING to +0 ring mail.
   861 | D:1      | 861 ||| DROPPING +0 robe.
   862 | D:1      | 862 ||| UPGRADING to +0 cloak.
   867 | D:1      | 867 ||| READING scroll labelled FOIPPE WAMEU.
   868 | D:1      | 868 ||| DROPPING scroll of poison.
   925 | D:2      | Reached XP level 3. HP: 29/29 MP: 3/3
   955 | D:2      | Reached skill level 4 in Ranged Weapons
   956 | D:2      | 956 ||| FLEEEEING.
   956 | D:2      | HP: 7/29 [poisoned by an adder]
   957 | D:2      | 957 ||| FLEEEEING.
   958 | D:2      | 958 ||| FLEEEEING.
   960 | D:2      | 960 ||| STAIRDANCE
  1191 | D:2      | Reached skill level 1 in Armour
  1481 | D:2      | Reached XP level 4. HP: 27/36 MP: 4/4
  1638 | D:2      | 1638 ||| READING 2 scrolls of identify.
  1638 | D:2      | 1638 ||| IDENTIFYING sedimented orange potion
  1691 | D:3      | 1691 ||| PLANNING SEWER
  1724 | D:3      | 1724 ||| Stepping ~*~*~tactically~*~*~ (outnumbered).
  1739 | D:3      | HP: 6/36 [gnoll/+0 spear (4)]
  1740 | D:3      | 1740 ||| DRINKING potion of heal wounds.
  1743 | D:3      | 1743 ||| FLEEEEING.
  1744 | D:3      | 1744 ||| FLEEEEING.
  1745 | D:3      | 1745 ||| FLEEEEING.
  1746 | D:3      | 1746 ||| FLEEEEING.
  1747 | D:3      | 1747 ||| FLEEEEING.
  1748 | D:3      | 1748 ||| FLEEEEING.
  1749 | D:3      | 1749 ||| FLEEEEING.
  1750 | D:3      | 1750 ||| FLEEEEING.
  1751 | D:3      | 1751 ||| FLEEEEING.
  1752 | D:3      | 1752 ||| FLEEEEING.
  1753 | D:3      | 1753 ||| FLEEEEING.
  1754 | D:3      | 1754 ||| STAIRDANCE
  1771 | D:2      | 1771 ||| UPGRADING to +0 pair of boots.
  1776 | D:2      | 1776 ||| DRINKING 2 fuming purple potions.
  1777 | D:2      | 1777 ||| DROPPING potion of invisibility.
  1781 | D:3      | Reached skill level 5 in Ranged Weapons
  1804 | D:3      | Found a glowing drain.
  1828 | Sewer    | Entered a sewer
  1852 | Sewer    | 1852 ||| Stepping ~*~*~tactically~*~*~ (water).
  1877 | Sewer    | Reached XP level 5. HP: 42/42 MP: 5/5
  1966 | Sewer    | 1966 ||| Stepping ~*~*~tactically~*~*~ (water).
  1971 | Sewer    | 1971 ||| Stepping ~*~*~tactically~*~*~ (water).
  1985 | Sewer    | 1985 ||| Stepping ~*~*~tactically~*~*~ (water).
  2007 | Sewer    | Reached skill level 3 in Fighting
  2052 | Sewer    | HP: 11/45 [river rat (4)]
  2054 | Sewer    | HP: 4/45 [river rat (3)]
  2059 | Sewer    | Slain by a river rat

Levels and vault maps discovered:
D:1:      psy_arrival_fountain, layout_basic, serial_shops,
          nicolae_shop_rolling_square
D:2:      layout_loops_cross
D:3:      minmay_goblin_kobold_castle, layout_loops_ring, lemuel_blue_sif_altar,
          portal_sewer_entry_b, goddamned_bats, uniq_crazy_yiuf_cottage
Sewer:    sewer_fruit_machine

Skill      XL: |  1  2  3  4  5 |
---------------+----------------+-----
Ranged Weapons | 3 4 5 |  5.6
Fighting       | 2 3 |  3.0
Armour         | 1 |  1.1
Dodging        | |  2.1
Spellcasting   | |  1.0
Hexes          | |  2.0

Action                     |  1- 3 |  4- 6 || total
---------------------------+-------+-------++-------
   Fire: Sling             |   141 |   103 ||   244
    Use: Scroll            |     1 |     1 ||     2
         Potion            |       |     2 ||     2
 Armour: Robe              |     2 |       ||     2
         Ring mail         |    27 |    31 ||    58
  Dodge: Dodged            |    46 |    62 ||   108

Table legend:
 A = Non-vault XP
 B = Vault XP
 C = Vault XP percentage of total XP
 D = Non-vault monster count
 E = Vault monster count
 F = Vault count percentage of total count
                 A         B        C        D         E       F
            +---------+---------+-------+---------+---------+-------
      Total |     165 |     116 |  41.3 |      46 |      25 |  35.2
            +---------+---------+-------+---------+---------+-------
        D:1 |      34 |       0 |   0.0 |      21 |       0 |   0.0
        D:2 |      73 |       0 |   0.0 |      20 |       0 |   0.0
        D:3 |      58 |      21 |  26.6 |       5 |       7 |  58.3
      Sewer |       0 |      95 | 100.0 |       0 |      18 | 100.0
            +---------+---------+-------+---------+---------+-------
